 Dungeon Crawl Stone Soup version 0.22-a0-252-gcace5d2d35 (webtiles) character file.

8977 Peterchen the Severer (level 11, -1/81 (82) HPs)
             Began as a Minotaur Berserker on Mar 2, 2018.
             Was a High Priest of Trog.
             Shot with a bolt by an orc (10 damage)
             ... in a bailey.
             The game lasted 00:19:30 (8683 turns).

Peterchen the Severer (Minotaur Berserker)          Turns: 8683, Time: 00:19:31

HP:   -1/81 (82)    AC:  9    Str: 31    XL:     11   Next: 17%
MP:   3/3           EV:  9    Int:  4    God:    Trog [*****.]
Gold: 487           SH:  0    Dex: 10    Spells: 10/10 levels left

rFire    . . .     SeeInvis .   E - +4 executioner's axe (antimagic)
rCold    . . .     Gourm    .   (shield currently unavailable)
rNeg     + . .     Faith    .   q - +0 chain mail
rPois    .         Spirit   .   (helmet restricted)
rElec    +         Reflect  .   (no cloak)
rCorr    .         Harm     .   (no gloves)
MR       .....                  B - +0 pair of boots of Intuition {*Contam rElec Str+6}
Stlth    ..........             o - amulet of regeneration
HPRegen  0.63/turn              y - ring of positive energy
MPRegen  0.08/turn              (no ring)

@: berserk cooldown, slowed, very slow
A: retaliatory headbutt, horns 2
a: Berserk, Trog's Hand, Brothers in Arms, Renounce Religion


You were in a bailey.
You worshipped Trog.
Trog was extremely pleased with you.
You were very hungry.

You visited 1 branch of the dungeon, and saw 10 of its levels.
You also visited: Bailey.

You collected 487 gold pieces.

Inventory:

Hand Weapons
 E - a +4 antimagic executioner's axe (weapon)
Armour
 q - a +0 chain mail (worn)
 B - the +0 pair of boots of Intuition (worn) {*Contam rElec Str+6}
   (You found it on level 5 of the Dungeon)

   It affects your strength (+6).
   It insulates you from electricity.
   It causes magical contamination when unequipped.
Jewellery
 o - an amulet of regeneration (around neck)
 y - a ring of positive energy (left hand)
Wands
 r - a wand of scattershot (5)
 C - a wand of flame (32)
Scrolls
 a - a scroll of acquirement {unknown}
 d - 2 scrolls of fear
 e - 3 scrolls of fog {unknown}
 k - 5 scrolls of magic mapping
 l - 4 scrolls of teleportation
 m - 3 scrolls of enchant armour {unknown}
 n - 3 scrolls of immolation {unknown}
 v - 3 scrolls of enchant weapon {unknown}
 z - 7 scrolls of remove curse
Potions
 b - 8 potions of brilliance {unknown}
 f - 2 potions of haste {unknown}
 g - a potion of heal wounds {unknown}
 i - a potion of flight {unknown}
 j - 2 potions of mutation {unknown}
 p - a potion of magic {unknown}
 s - 3 potions of curing
 t - a potion of resistance {unknown}
 u - a potion of lignification {unknown}
 w - a potion of berserk rage {unknown}
 A - a potion of cancellation {unknown}
 D - a potion of ambrosia {unknown}
Comestibles
 c - 25 rations
 h - 4 chunks of flesh


   Skills:
 - Level 3.6 Fighting
 * Level 19.1 Axes
 - Level 2.4 Armour
 - Level 2.1 Dodging


You had 10 spell levels left.
You didn't know any spells.

Dungeon Overview and Level Annotations

Branches:
Dungeon (10/15)            Temple (0/1) D:7            Lair (0/6) D:9
    Orc (0/2) D:9

Altars:
Ashenzari
Dithmenos
Fedhas
Gozag
Makhleb
Nemelex Xobeh
Qazlal
Ru
Trog
Uskayaw
Vehumet
Wu Jian
Yredelemnul
Zin

Shops:
D:6 *   D:7 }


Innate Abilities, Weirdness & Mutations

You reflexively headbutt those who attack you in melee.
You have a pair of horns on your head.


Message History

The orc shoots a bolt.
The bolt hits you but does no damage.
The orc warrior shoots a bolt.
The bolt hits you.
* * * LOW HITPOINT WARNING * * *
The orc shoots a bolt.
The bolt hits you.
* * * LOW HITPOINT WARNING * * *
You see here 3 bolts.
You feel your anger nearly subside.
Found a gate leading back out of this place.
You are no longer berserk.
You are exhausted.
You feel yourself slow down.
The orc shoots a bolt.
The bolt hits you but does no damage.
The orc shoots a bolt.
The bolt hits you.
* * * LOW HITPOINT WARNING * * *
You see here a bolt.
You're still recovering from your berserk rage.
Your troll goes berserk!
You are feeling very hungry.
The orc shoots a bolt.
The bolt hits you!
You die...

#######################
#∩....((.(((.((.(......
#......................
#......................
#..(...................
#......................
#.......T..............
#.......≈≈≈≈≈..........
#.....@≈≈#o#≈≈.........
#......≈##.##≈.........
#..(...≈oo^..≈.........
#......≈##.∩#≈.........
#....((≈≈#.#≈≈......###
#..(..(.≈≈≈≈≈....#### #
#.......o.......#
#.....oo.......
#.............


You could see 2 orc warriors, 3 orcs and a friendly troll (berserk).

Vanquished Creatures
  A two-headed ogre (D:8)
  The ghost of motoroller71 the Blocker, a novice GnFi of Makhleb (D:9)
  A troll (D:10)
  7 hippogriffs
  5 humans (D:6)
  2 wyverns
  4 yaks (D:9)
  Grum (D:8)
  Menkaure (D:5)
  2 water moccasins
  2 orc warriors
  3 black bears
  2 ice beasts
  A phantom (D:4)
  A necrophage (D:9)
  3 sky beasts
  2 ogres (D:9)
  3 centaurs
  2 wolves (D:8)
  A gnoll sergeant (D:9)
  3 bullfrogs
  A wyvern zombie (D:9)
  2 scorpions
  5 wights (D:6)
  7 crimson imps
  3 centaur zombies
  3 gnoll shamans
  5 orc priests
  6 hounds
  6 jellies
  3 bullfrog skeletons
  2 iguanas
  5 orc wizards
  Ijyb (D:3)
  7 worker ants
  2 hound zombies
  2 hound skeletons
  Robin (D:4)
  A howler monkey zombie (D:6)
  A worker ant zombie (D:8)
  14 gnolls
  15 adders
  2 shadow imps (D:6)
  2 oozes (D:1)
  An adder zombie (D:5)
  2 adder skeletons
  A worm (D:2)
  A dart slug (D:2)
  4 leopard geckos
  40 orcs
  6 giant cockroaches
  15 goblins
  7 hobgoblins
  14 jackals
  11 kobolds
  4 quokkas
  A ball python (D:5)
  9 bats
  3 frilled lizards
  3 jackal skeletons
  A jackal zombie (D:5)
  2 quokka skeletons
  9 rats
278 creatures vanquished.

Vanquished Creatures (collateral kills)
  An orc warrior (Bailey)
  An orc (Bailey)
2 creatures vanquished.

Grand Total: 280 creatures vanquished

Notes
Turn   | Place    | Note
-------+----------+-------------------------------------------
     0 | D:1      | Peterchen the Minotaur Berserker began the quest for the Orb.
     0 | D:1      | Reached XP level 1. HP: 19/19 MP: 0/0
   147 | D:1      | Reached skill level 4 in Axes
   176 | D:1      | Reached XP level 2. HP: 21/26 MP: 1/1
   576 | D:1      | Reached skill level 5 in Axes
   681 | D:1      | Reached XP level 3. HP: 28/31 MP: 2/2
  1056 | D:2      | Reached ** piety under Trog
  1125 | D:2      | Reached skill level 6 in Axes
  1125 | D:2      | Reached XP level 4. HP: 25/39 MP: 3/3
  2443 | D:3      | Reached skill level 7 in Axes
  2443 | D:3      | Reached XP level 5. HP: 21/45 MP: 4/4
  2689 | D:3      | Reached *** piety under Trog
  2897 | D:3      | Reached skill level 8 in Axes
  3064 | D:3      | Noticed Ijyb
  3080 | D:3      | Killed Ijyb
  3080 | D:3      | Reached XP level 6. HP: 48/51 MP: 5/5
  3331 | D:4      | Noticed Robin
  3342 | D:4      | Killed Robin
  3610 | D:4      | Reached skill level 9 in Axes
  3681 | D:4      | Found a sparkling altar of Nemelex Xobeh.
  3744 | D:4      | Reached **** piety under Trog
  3759 | D:4      | Reached XP level 7. HP: 23/57 MP: 6/6
  3995 | D:4      | Reached skill level 10 in Axes
  4240 | D:5      | Entered Level 5 of the Dungeon
  4357 | D:5      | Reached skill level 11 in Axes
  4372 | D:5      | Got a pair of polished boots
  4378 | D:5      | Identified the +0 pair of boots of Intuition {*Contam rElec Str+6} (You found it on level 5 of the Dungeon)
  4424 | D:5      | Reached XP level 8. HP: 55/64 MP: 7/7
  4458 | D:5      | Noticed Menkaure
  4570 | D:5      | Killed Menkaure
  4570 | D:5      | Reached skill level 12 in Axes
  4885 | D:6      | Found Gozag's Platinum Reserve.
  4889 | D:6      | Found an opulent altar of Gozag.
  4914 | D:6      | Reached skill level 13 in Axes
  4931 | D:6      | Reached XP level 9. HP: 34/70 MP: 8/8
  4936 | D:6      | Reached skill level 14 in Axes
  5097 | D:6      | HP: 3/105 [wight/spear (4)]
  5476 | D:6      | Reached skill level 15 in Axes
  5479 | D:6      | Reached ***** piety under Trog
  6053 | D:7      | Found a glowing silver altar of Zin.
  6108 | D:7      | Found a stormy altar of Qazlal.
  6191 | D:7      | Found an ornate altar of the Wu Jian Council.
  6205 | D:7      | Found a radiant altar of Vehumet.
  6224 | D:7      | Found Cerrudghe's Gadget Boutique.
  6231 | D:7      | Reached skill level 16 in Axes
  6352 | D:7      | Found a blossoming altar of Fedhas.
  6365 | D:7      | Found a staircase to the Ecumenical Temple.
  6498 | D:7      | Found a burning altar of Makhleb.
  6522 | D:7      | Reached XP level 10. HP: 75/77 MP: 9/9
  6697 | D:7      | Found a shadowy altar of Dithmenos.
  6908 | D:8      | Found a sacrificial altar of Ru.
  6908 | D:8      | Found a hide-covered altar of Uskayaw.
  6923 | D:8      | Found a shattered altar of Ashenzari.
  6985 | D:8      | Found a bloodstained altar of Trog.
  7055 | D:8      | Found Poovys's Armour Boutique.
  7098 | D:8      | Noticed a two-headed ogre
  7106 | D:8      | Killed a two-headed ogre
  7106 | D:8      | Reached skill level 17 in Axes
  7158 | D:8      | Found a basalt altar of Yredelemnul.
  7469 | D:8      | Noticed Grum
  7472 | D:8      | Killed Grum
  7564 | D:9      | Found a staircase to the Lair.
  7592 | D:9      | Noticed motoroller71's ghost (novice GnFi)
  7603 | D:9      | Killed motoroller71's ghost
  7603 | D:9      | Reached skill level 18 in Axes
  7702 | D:9      | Found a staircase to the Orcish Mines.
  8016 | D:9      | Reached XP level 11. HP: 54/81 MP: 10/10
  8234 | D:10     | Entered Level 10 of the Dungeon
  8238 | D:10     | Received a gift from Trog
  8373 | D:10     | Reached skill level 19 in Axes
  8419 | D:10     | Found a flagged portal.
  8441 | Bailey   | Entered a bailey
  8683 | Bailey   | Shot with a bolt by an orc

Vault maps used:
D:1:      co_arrival_square_in_a_square_in_a_square, minmay_tree_intersection,
          columned_hall_lemuel
D:2:      st_stairs_5
D:3:      kennysheep_the_goblin_king, first_ration, dk_noncrumbling_4
D:4:      nemelex_xobeh_ov_fountains_minmay, uniq_robin
D:5:      black_bear_nest_1, uniq_menkaure
D:6:      minmay_opposing_rooms, nicolae_gozag_zags_fifth_avenue,
          minmay_ruffians
D:7:      old_standard_altar, makhleb_grotto_becter,
          nicolae_overflow_quartered_altars, nicolae_qazlal_general_emergency,
          minmay_temple_entry_butterflies, serial_shops, shop
D:8:      lightli_temple_of_fire, minitemple, serial_shops,
          nicolae_shop_window_shopping, basic_altar, uniq_grum
D:9:      dpeg_oklobed_lair, orc_0_dummy, grunt_ogre_cave
D:10:     enter_bailey_2, hangedman_decor_riveting
Bailey:   bailey_polearm_2, bailey

Skill      XL: |  1  2  3  4  5  6  7  8  9 10 11 |
---------------+----------------------------------+-----
Axes           | 4 5 6 7 8 9 11 13 16 18 19 | 19.1
Fighting       | |  3.6
Armour         | |  2.4
Dodging        | |  2.1

Action                   |  1- 3 |  4- 6 |  7- 9 | 10-12 || total
-------------------------+-------+-------+-------+-------++-------
Melee: Hand axe          |    61 |   177 |   279 |       ||   517
       Headbutt          |     4 |    33 |    58 |    23 ||   118
       Battleaxe         |       |       |    66 |    94 ||   160
       Executioner's axe |       |       |       |    14 ||    14
Invok: Berserk           |     2 |     3 |     3 |     5 ||    13
       Trog's Hand       |       |     1 |     2 |       ||     3
       Brothers in Arms  |       |       |       |     3 ||     3
  Use: Scroll            |       |     3 |     7 |       ||    10
  Eat: Chunk             |     2 |    11 |    14 |    11 ||    38
Armor: Animal skin       |    14 |     9 |       |       ||    23
       Chain mail        |       |    55 |   123 |    39 ||   217
Dodge: Dodged            |    41 |    89 |   134 |    76 ||   340

Table legend:
 A = Spawn XP
 B = Non-spawn XP
 C = Spawn XP percentage of total XP
 D = Spawn monster count
 E = Non-spawn monster count
 F = Spawn count percentage of total count
 G = Total turns spent on level
                    A         B        C        D         E        F      G
               +---------+---------+-------+---------+---------+-------+---------
         Total |       0 |   12825 |   0.0 |       0 |     280 |   0.0 |  8683
               +---------+---------+-------+---------+---------+-------+---------
           D:1 |       0 |      54 |   0.0 |       0 |      25 |   0.0 |  1014
           D:2 |       0 |      91 |   0.0 |       0 |      27 |   0.0 |  1312
           D:3 |       0 |     264 |   0.0 |       0 |      41 |   0.0 |   996
           D:4 |       0 |     510 |   0.0 |       0 |      21 |   0.0 |   970
           D:5 |       0 |    1115 |   0.0 |       0 |      42 |   0.0 |   587
           D:6 |       0 |    2366 |   0.0 |       0 |      39 |   0.0 |  1157
           D:7 |       0 |    1405 |   0.0 |       0 |      21 |   0.0 |   770
           D:8 |       0 |    2682 |   0.0 |       0 |      23 |   0.0 |   748
           D:9 |       0 |    3077 |   0.0 |       0 |      19 |   0.0 |   680
          D:10 |       0 |    1194 |   0.0 |       0 |      19 |   0.0 |   207
        Bailey |       0 |      67 |   0.0 |       0 |       3 |   0.0 |   242
               +---------+---------+-------+---------+---------+-------+---------
